 Dungeon Crawl Stone Soup version 0.25-a0-464-g3004169c2b (webtiles) character file.

Game seed: 14039344567595025645, levelgen mode: deterministic

10 mopl the Charmwright (level 2, 6/22 HPs)
             Began as a Demonspawn Skald on Feb 4, 2020.
             Quit the game on level 1 of the Dungeon.
             The game lasted 00:00:36 (381 turns).

mopl the Charmwright (Demonspawn Skald)              Turns: 381, Time: 00:00:37

Health: 6/22       AC:  4    Str: 11    XL:     2   Next: 10%
Magic:  5/5        EV: 11    Int: 14    God:
Gold:   30         SH:  0    Dex: 12    Spells: 4/5 levels left

rFire    . . .     SeeInvis .   a - +0 falchion
rCold    . . .     Gourm    .   (no shield)
rNeg     . . .     Faith    .   b - +0 leather armour
rPois    .         Spirit   .   (no helmet)
rElec    .         Reflect  .   (no cloak)
rCorr    .         Harm     .   c - +0 pair of gloves
MR       .....     Rnd*Tele +   (no boots)
Stlth    +.........             (no amulet)
HPRegen  0.07/turn              g - ring of teleportation (curse)
MPRegen  0.09/turn              (no ring)

@: lethally poisoned (6 -> -29)
A: rot immunity
a: no special abilities


You were on level 1 of the Dungeon.
You were not hungry.

You visited 1 branch of the dungeon, and saw 1 of its levels.

You collected 30 gold pieces.

Inventory:

Hand Weapons
 a - a +0 falchion (weapon)
Armour
 b - a +0 leather armour (worn)
 c - a +0 pair of gloves (worn)
Jewellery
 g - a cursed ring of teleportation (left hand)
Scrolls
 e - 2 scrolls of magic mapping {unknown}
Comestibles
 d - a ration
 f - a chunk of flesh


   Skills:
 - Level 2.0 Fighting
 + Level 2.1 Long Blades
 - Level 0.8 Armour
 - Level 1.7 Dodging
 + Level 2.2 Spellcasting
 + Level 2.9 Charms


You had 4 spell levels left.
You knew the following spells:

 Your Spells              Type           Power        Failure   Level  Hunger
a - Infusion              Chrm           #...         10%         1    #......

Your spell library contained the following spells:

 Spells                   Type           Power        Failure   Level  Hunger
 Song of Slaying          Chrm           #.......     14%         2    ###....
 Shroud of Golubria       Chrm/Tloc      #.....       26%         2    ###....
 Ozocubu's Armour         Chrm/Ice       #.......     45%         3    ###....
 Spectral Weapon          Hex/Chrm       #.......     45%         3    ###....


Dungeon Overview and Level Annotations

Branches:
Dungeon (1/15)

Altars:


Innate Abilities, Weirdness & Mutations

You are immune to rotting.


Message History

You barely miss the kobold.
The kobold is moderately wounded.
You feel sick. The kobold hits you but does no damage.
You are lethally poisoned!
You miss the kobold.
The kobold is moderately wounded.
You feel sick.
The kobold hits you with a +1 whip of venom.
You are more poisoned.
The kobold hits you with a +1 whip of venom.
You are more poisoned.
You hit the kobold.
You kill the kobold!
You feel very sick.
Unknown command.
* * * LOW HITPOINT WARNING * * *
You feel very sick.
You see here a +1 whip of venom.
You aren't carrying any potions.
Are you sure you want to abandon this character and quit the game? (Confirm with "yes".)

# #. ### #.# ... #.#
#####.# # ##.#### #..
... .# #.....# #.# #.#
#.# ##≈.≈♣.###.# #.##..#
##≈♣.≈≈≈.##.###.@)..####
..≈≈≈.≈≈≈........†...=.+
...≈.≈≈♣≈##.#####...####
≈...≈.♣..........(..#
≈≈≈.#...≈..######.###
≈.♣.≈..≈≈#.# .#
≈....≈...#.# .#
....≈...≈#.# .#
....≈≈.....# .#


There were no monsters in sight!

Vanquished Creatures
  A dart slug (D:1)
  3 goblins (D:1)
  A hobgoblin (D:1)
  A kobold (D:1)
  A ball python (D:1)
7 creatures vanquished.

Notes
Turn   | Place    | Note
-------+----------+-------------------------------------------
     0 | D:1      | mopl the Demonspawn Skald began the quest for the Orb.
     0 | D:1      | Reached XP level 1. HP: 16/16 MP: 3/3
   246 | D:1      | Reached skill level 2 in Long Blades
   375 | D:1      | Gained mutation: You are immune to rotting. [demonic
                  | ancestry]
   375 | D:1      | Reached XP level 2. HP: 22/22 MP: 5/5
   381 | D:1      | Quit the game

Levels and vault maps discovered:
D:1:      dpeg_arrival_three_bigger_balls, layout_loops_corners, serial_rivers,
          chequers_serial_rivers_marsh, chequers_serial_rivers_marsh,
          chequers_serial_rivers_large_b, chequers_serial_rivers_marsh,
          chequers_serial_rivers_micro_e

Skill      XL: |  1 |
---------------+----+-----
Long Blades    | 2 |  2.1
Fighting       | |  2.0
Armour         | |  0.8
Dodging        | |  1.7
Spellcasting   | |  2.2
Charms         | |  2.9

Action                   || total
-------------------------++-------
Melee: Falchion          ||    21
Armor: Leather armour    ||     6
Dodge: Dodged            ||     9
       Rpst.: Falchion   ||     4

Table legend:
 A = Non-vault XP
 B = Vault XP
 C = Vault XP percentage of total XP
 D = Non-vault monster count
 E = Vault monster count
 F = Vault count percentage of total count
                 A         B        C        D         E       F
            +---------+---------+-------+---------+---------+-------
      Total |      15 |       0 |   0.0 |       7 |       0 |   0.0
            +---------+---------+-------+---------+---------+-------
        D:1 |      15 |       0 |   0.0 |       7 |       0 |   0.0
            +---------+---------+-------+---------+---------+-------
